 Dungeon Crawl Stone Soup version 0.16.1-30-g34a7ffa (webtiles) character file.

67 PurpleFrog the Chopper (level 4, -1/61 HPs)
             Began as a Minotaur Berserker on June 21, 2015.
             Was a Believer of Trog.
             Slain by a gnoll
             ... wielding a +0 halberd
              (13 damage)
             ... on level 2 of the Dungeon.
             The game lasted 00:05:47 (975 turns).

PurpleFrog the Chopper (Minotaur Berserker)          Turns: 975, Time: 00:05:47

Health: -1/61      AC:  6    Str: 28    XL:     4   Next: 0%
Magic:  2/2        EV: 11    Int:  4    God:    Trog [**....]
Gold:   33         SH:  2    Dex:  9    Spells: 0 memorised, 3 levels left

rFire  . . .     SeeInvis .     a - +0 hand axe
rCold  . . .     Clarity  .     i - +0 ring mail (curse)
rNeg   . . .     SustAb   .     e - +0 buckler
rPois  .         Gourm    .     (helmet restricted)
rElec  .         Spirit   .     n - +0 cloak
rCorr  .         Warding  .     (no gloves)
rMut   .         Stasis   .     (no boots)
MR     .....                    (no amulet)
Stlth  ..........               (no ring)
                                (no ring)

@: berserking, very quick, not resistant to hostile enchantments, extremely
unstealthy
A: retaliatory headbutt, horns 2
a: Burn Spellbooks, Berserk, Trog's Hand, Renounce Religion


You were on level 2 of the Dungeon.
You worshipped Trog.
Trog was pleased with you.
You were hungry.

You visited 1 branch of the dungeon, and saw 2 of its levels.

You collected 33 gold pieces.

Inventory:

Hand weapons
 a - a +0 hand axe (weapon)
Armour
 e - a +0 buckler (worn)
 i - a cursed +0 ring mail (worn)
 n - a +0 cloak (worn)
Scrolls
 f - a scroll of fog {unknown}
 g - 2 scrolls of identify {unknown}
 h - a scroll of immolation {unknown}
 j - 2 scrolls of teleportation {unknown}
 p - a scroll of remove curse {unknown}
Potions
 b - 2 potions of brilliance {unknown}
 d - 3 potions of curing {unknown}
 k - a potion of cure mutation {unknown}
 l - 2 potions of haste {unknown}
 o - a potion of poison {unknown}
Comestibles
 c - a bread ration
 m - a slice of pizza


   Skills:
 + Level 4.5 Fighting
 + Level 4.6 Axes
 + Level 2.8 Armour
 + Level 2.7 Dodging


You had 3 spell levels left.
You didn't know any spells.

Dungeon Overview and Level Annotations

Branches:
Dungeon (2/15)

Altars:


Innate Abilities, Weirdness & Mutations

You reflexively headbutt those who attack you in melee.
You have a pair of horns on your head.


Message History

You slash the goblin!
You kill the goblin!
Trog accepts your kill.
You have reached level 4!
You feel stronger.
Things that are here:
a dagger; a goblin corpse; an adder corpse You barely miss the gnoll.
Your headbutt misses the gnoll.
The gnoll is heavily wounded.
The gnoll hits you with a halberd!
* * * LOW HITPOINT WARNING * * *
The gnoll barely misses you.
You barely miss the gnoll. Your headbutt misses the gnoll.
The gnoll is heavily wounded.
You closely miss the gnoll.
The gnoll is heavily wounded.
The gnoll hits you from afar with a spear.
* * * LOW HITPOINT WARNING * * *
The gnoll hits you with a halberd!
You die...

#.########.#.#.# #.......#
#.# #)# ...#...# #.......#
#.. #.# ###.#.#.# #..### .
#.# ..####+###.#.#.####...#
### ..#...................# #
..#.....##.#.#........## ...
#
..#.....##.#.######....+....#
#
.##.....##.#.######.#.##....#
#
.##.....##.#.#..@ggK........#
#
...)######.#.#.####....#....#
# ....# #.#.#. #....##...# #
....# #.#.#. ##(..##...# #
....# #.#.## #..K##...#####
....# #...##........ ....#
#...(.....#### ....#
#...##........ #####
#...##....####


You could see 2 gnolls and a kobold.

Vanquished Creatures
  2 adders
  2 worms (D:2)
  A ball python (D:1)
  8 bats
  A giant cockroach (D:1)
  4 goblins
  10 hobgoblins
  3 jackals (D:2)
  4 kobolds
  3 rats (D:1)
38 creatures vanquished.

Notes
Turn   | Place    | Note
--------------------------------------------------------------
     0 | D:1      | PurpleFrog, the Minotaur Berserker, began the quest for the Orb.
     0 | D:1      | Reached XP level 1. HP: 19/19 MP: 1/1
   345 | D:1      | Reached XP level 2. HP: 22/27 MP: 1/1
   348 | D:1      | Reached skill level 4 in Axes
   492 | D:1      | Acquired Trog's second power
   702 | D:1      | Reached XP level 3. HP: 33/33 MP: 2/2
   971 | D:2      | Reached XP level 4. HP: 21/41 MP: 2/2
   975 | D:2      | Slain by a gnoll

Action                   |  1- 3 |  4- 6 || total
-------------------------+-------+-------++-------
Melee: Hand axe          |    75 |     3 ||    78
Invok: Berserk           |     1 |       ||     1
